 Dungeon Crawl Stone Soup version 0.30.1-4-g462c640d31 (webtiles) character file.

Game seed: 4457110154399421208

30 growler the Trooper (level 3, 28/29 HPs)
             Began as a Demonspawn Gladiator on Aug 21, 2023.
             Quit the game on level 2 of the Dungeon.
             The game lasted 00:01:54 (1043 turns).

growler the Trooper (Demonspawn Gladiator)          Turns: 1043, Time: 00:01:55

Health: 28/29      AC:  4    Str: 14    XL:     3   Next: 3%
Magic:  3/3        EV: 12    Int: 11    God:
Gold:   14         SH:  4    Dex: 14    Spells: 2/2 levels left

rFire   . . .        a - +0 war axe
rCold   . . .        (no shield)
rNeg    . . .        b - +0 leather armour
rPois   .            c - +0 helmet
rElec   .            (no cloak)
rCorr   .            (no gloves)
SInv    .            (no boots)
Will    .....        (no amulet)
Stlth   +            (no ring)
HPRegen 0.24/turn    (no ring)
MPRegen 0.08/turn

%: no passive effects
@: no status effects
A: sturdy frame 1, condensation shield
a: no special abilities


You were on level 2 of the Dungeon.
You visited 1 branch of the dungeon, and saw 2 of its levels.

You collected 14 gold pieces.

Inventory:

Hand Weapons
 a - a +0 war axe (weapon)
Missiles
 d - 3 throwing nets (quivered)
 e - a javelin
Armour
 b - a +0 leather armour (worn)
 c - a +0 helmet (worn)
Jewellery
 l - a +5 ring of evasion
Scrolls
 g - a scroll of enchant weapon {unknown}
 h - a scroll of noise {unknown}
 k - a scroll of teleportation {unknown}
 p - a scroll of magic mapping {unknown}
 q - a scroll of identify {unknown}
Potions
 f - a potion of attraction {unknown}
 i - a potion of lignification {unknown}
 j - a potion of brilliance {unknown}
 m - a potion of flight {unknown}
 n - a potion of mutation {unknown}
 o - 2 potions of curing {unknown}
 r - a potion of heal wounds {unknown}


   Skills:
 + Level 3.5 Fighting
 - Level 2.6 Axes
 - Level 1.7 Throwing
 - Level 2.6 Dodging


You had 2 spell levels left.
You didn't know any spells.
Your spell library was empty.

Dungeon Overview and Level Annotations

Branches:
Dungeon (2/15)

Altars:

Shops:
D:1 *


Innate Abilities, Weirdness & Mutations

Your movements are slightly less encumbered by armour. (ER -2)
A meltable shield of frost defends you. (SH +4)


Message History

The bat barely misses you. x2
You hit the bat.
You kill the bat!
No target in view!
Done exploring.
Done exploring.
There is a dry fountain here.
There is a stone staircase leading down here.
You climb downwards.
The endoplasm quivers.
The ball python hisses angrily.
Found a whip.
Found a stone staircase leading up.
There is a stone staircase leading up here.
You hit the ball python.
The ball python is moderately wounded.
The ball python bites you but does no damage.
The ball python barely misses you.
You hit the ball python.
You kill the ball python!
A bat comes into view.
Found 6 gold pieces.
The endoplasm closely misses you.
You slash the endoplasm!
You kill the endoplasm!
The bat barely misses you.
You slash the bat!
You kill the bat!
You have reached level 3!
Your experience leads to an increase in your attributes!
Increase (S)trength, (I)ntelligence, or (D)exterity?
You feel clever. x2; Your demonic ancestry asserts itself...
Frost condenses into a shield before you.
You hit the giant cockroach but do no damage.
The giant cockroach closely misses you. The giant cockroach barely misses you.
You barely miss the giant cockroach.
The giant cockroach bites you but does no damage.
The giant cockroach bites you.
You slash the giant cockroach!
You kill the giant cockroach!
There is a stone staircase leading up here.
Are you sure you want to abandon this character and quit the game? (Confirm with "yes".)

)# #.## ...##
$.#... # ....#
#<#####...#
#.........#
#...@....#
#.#.....##
...............
######.........
####.####. ..
###


There were no monsters in sight!

Vanquished Creatures
  4 ball pythons
  3 endoplasms
  3 giant cockroaches
  A goblin (D:1)
  4 hobgoblins (D:1)
  3 quokkas (D:1)
  4 bats
  A frilled lizard (D:1)
  3 kobolds (D:1)
  A rat (D:1)
27 creatures vanquished.

Notes
Turn   | Place    | Note
-------+----------+-------------------------------------------
     0 | D:1      | growler the Demonspawn Gladiator began the quest for the
                  | Orb.
     0 | D:1      | Reached XP level 1. HP: 16/16 MP: 1/1
   307 | D:1      | Gained mutation: Your movements are slightly less
                  | encumbered by armour. (ER -2) [demonic ancestry]
   307 | D:1      | Reached XP level 2. HP: 23/23 MP: 2/2
   396 | D:1      | Reached skill level 3 in Fighting
   476 | D:1      | Found Tokk's General Store.
  1039 | D:2      | Gained mutation: A meltable shield of frost defends you.
                  | (SH +4) [demonic ancestry]
  1039 | D:2      | Reached XP level 3. HP: 29/29 MP: 3/3
  1043 | D:2      | Quit the game

Illustrated notes

Levels and vault maps discovered:
D:1:      dpeg_arrival_arbitrary_b, layout_loops_corners, serial_shops,
          nicolae_shop_window_shopping, chequers_decorated_corner,
          minmay_misc_feat_hallway, chequers_serial_rivers_micro_b
D:2:      layout_loops_ring

Skill      XL: |  1  2 |
---------------+-------+-----
Fighting       | 3 |  3.5
Axes           | |  2.6
Throwing       | |  1.7
Dodging        | |  2.6

Action                     || total
---------------------------++-------
  Melee: War axe           ||    68
         Punch             ||     2
   Stab: Sleeping          ||     1
 Armour: Leather armour    ||    30
  Dodge: Dodged            ||    57
